 Dungeon Crawl Stone Soup version 0.26.1-11-gd32895ea62 (webtiles) character file.

Game seed: 12471657494896396711

163 Zeld the Chopper (level 5, -2/47 HPs)
             Began as a Hill Orc Monk on June 8, 2021.
             Was a Follower of Beogh.
             Slain by Pikel
             ... wielding a +2 whip of freezing
              (9 damage)
             ... on level 3 of the Dungeon.
             The game lasted 00:03:43 (4492 turns).

Zeld the Chopper (Hill Orc Monk)                    Turns: 4492, Time: 00:03:44

Health: -2/47      AC:  3    Str: 15    XL:     5   Next: 44%
Magic:  5/5        EV: 13    Int: 10    God:    Beogh [*.....]
Gold:   182        SH:  0    Dex: 13    Spells: 4/4 levels left

rFire    . . .     SeeInvis .   a - +0 hand axe
rCold    . . .     Faith    .   (no shield)
rNeg     . . .     Spirit   .   b - +0 robe
rPois    .         Reflect  .   (no helmet)
rElec    .         Harm     .   (no cloak)
rCorr    .         Rampage  .   (no gloves)
Will     .....                  h - +0 pair of boots
Stlth    ++........             (no amulet)
HPRegen  0.15/turn              (no ring)
MPRegen  0.09/turn              (no ring)

@: no status effects
A: no striking features
a: Renounce Religion


You were on level 3 of the Dungeon.
You worshipped Beogh.
Beogh was aware of your devotion.
You visited 1 branch of the dungeon, and saw 4 of its levels.

You collected 182 gold pieces.

Inventory:

Hand Weapons
 a - a +0 hand axe (weapon)
Missiles
 i - 7 boomerangs (quivered)
Armour
 b - a +0 robe (worn)
 h - a +0 pair of boots (worn)
Jewellery
 n - an uncursed ring of wizardry {unknown}
Wands
 k - a wand of paralysis (7)
Scrolls
 c - a scroll of magic mapping {unknown}
 f - a scroll of fog {unknown}
 l - 2 scrolls of blinking {unknown}
Potions
 d - 2 potions of lignification {unknown}
 e - a potion of attraction {unknown}
 g - a potion of invisibility {unknown}
 j - 2 potions of resistance {unknown}
 m - a potion of brilliance {unknown}


   Skills:
 + Level 4.5 Fighting
 * Level 5.8 Axes
 + Level 2.2 Armour
 + Level 3.1 Dodging
 - Level 1.5 Stealth


You had 4 spell levels left.
You didn't know any spells.
Your spell library was empty.

Dungeon Overview and Level Annotations

Branches:
Dungeon (4/15)
 Temple: D:4-7

Altars:
Dithmenos
Gozag
Makhleb
Yredelemnul
The Shining One

Shops:
D:3 *

Annotations:
D:3 Pikel


Message History

Okay, then.
Okay, then.
Okay, then.
You hit Pikel.
Pikel is almost dead.
Pikel misses you.
You hit Pikel but do no damage.
Pikel is almost dead.
Pikel barely misses you.
You hit Pikel.
Pikel is almost dead.
Pikel hits you with a +2 whip of freezing!
* * * LOW HITPOINT WARNING * * *
Pikel freezes you.
* * * LOW HITPOINT WARNING * * *
Unknown command.
You closely miss Pikel.
Pikel is almost dead.
Pikel hits you with a +2 whip of freezing!
You die...

#....†..#.# #.# #...............
##.####.#.# #.# #...............
#.# #.#.# #.# ####.###########
#.# #.#.###.######.########...
###.####.#......(................
......##.#.###.######.########.##
....#.##.#.###.# #.# #####'##
#####[##.......######.# ##.......
......#...>....K@...#####'o......
#######.#.....#######...##.......
#.#.....# ##.....##......
#######.#.....# #.......####...
........##'#### ##.#._.#.## #...
##.........# #..##.##..###...
#.........# #...###.........
#.........# ##.......#######
##.........# ##.............


You could see Pikel.

Vanquished Creatures
  An orc priest (D:3)
  4 gnolls (D:3)
  3 adders
  4 dart slugs
  3 leopard geckos
  An orc (D:3)
  3 giant cockroaches
  6 goblins
  5 hobgoblins
  5 jackals
  6 bats
  9 frilled lizards
  9 kobolds
  A leopard gecko zombie (D:2)
  4 rats
64 creatures vanquished.

Vanquished Creatures (others)
  5 orcs (D:3)
  2 hobgoblins (D:3)
7 creatures vanquished.

Grand Total: 71 creatures vanquished

Notes
Turn   | Place    | Note
-------+----------+-------------------------------------------
     0 | D:1      | Zeld the Hill Orc Monk began the quest for the Orb.
     0 | D:1      | Reached XP level 1. HP: 19/19 MP: 1/1
   496 | D:1      | Reached XP level 2. HP: 22/27 MP: 2/2
   841 | D:1      | Reached skill level 1 in Armour
  1033 | D:1      | Reached XP level 3. HP: 33/33 MP: 3/3
  1240 | D:2      | Found a burning altar of Makhleb.
  1245 | D:2      | Found a faded altar of an unknown god.
  1995 | D:2      | Reached skill level 5 in Axes
  2130 | D:2      | Reached XP level 4. HP: 40/40 MP: 4/4
  2151 | D:2      | Found a basalt altar of Yredelemnul.
  2194 | D:2      | Found a glowing golden altar of the Shining One.
  2995 | D:3      | Became a worshipper of Beogh the Brigand
  2995 | D:3      | Reached * piety under Beogh
  2995 | D:3      | Reached ** piety under Beogh
  3456 | D:3      | Reached XP level 5. HP: 30/47 MP: 5/5
  3592 | D:3      | Found a shadowy altar of Dithmenos.
  4004 | D:3      | Found Gozag's Platinum Reserve.
  4005 | D:3      | Found an opulent altar of Gozag.
  4407 | D:4      | Noticed Pikel
  4407 | D:4      | Noticed a lemure
  4407 | D:4      | Noticed a lemure
  4407 | D:4      | Noticed a lemure
  4408 | D:4      | Noticed a lemure
  4492 | D:3      | Slain by Pikel

Illustrated notes

Levels and vault maps discovered:
D:1:      wander_arrival_fairy_ring, layout_loops_corners, st_stairs_8
D:2:      layout_rooms, lemuel_crystal_altar, lemuel_doored_altar,
          general_overflow_altar, chequers_ecumenical_altar_simple, minivault_25
D:3:      layout_basic, nicolae_dithmenos_through_a_glass_darkly,
          hangedman_abyss_or_decor_stabs, nicolae_gozag_zags_fifth_avenue
D:4:      layout_basic, wad_orctagon, uniq_pikel

Skill      XL: |  1  2  3  4  5 |
---------------+----------------+-----
Armour         | 1 2 |  2.2
Fighting       | 4 |  4.5
Axes           | 5 |  5.8
Dodging        | 3 |  3.1
Stealth        | |  1.5

Action                   |  1- 3 |  4- 6 || total
-------------------------+-------+-------++-------
Melee: Hand axe          |   137 |   109 ||   246
Invok: Convert to Beogh  |       |     1 ||     1
       Smiting           |       |     2 ||     2
 Stab: Sleeping          |     4 |     5 ||     9
       Distracted        |     1 |       ||     1
Armor: Robe              |    29 |    17 ||    46
Dodge: Dodged            |   100 |    85 ||   185
